 Dungeon Crawl Stone Soup version 0.27-a0-1296-g8ece459b43 (webtiles) character file.

Game seed: 16948210121029832674

298 HAL9000 the Cutter (level 6, -2/30 HPs)
             Began as a Vine Stalker Brigand on June 16, 2021.
             Slain by a kobold brigand (4 damage)
             ... in a sewer.
             The game lasted 00:05:34 (2769 turns).

HAL9000 the Cutter (Vine Stalker Brigand)           Turns: 2769, Time: 00:05:34

Health: -2/30      AC:  4    Str: 15    XL:     6   Next: 35%
Magic:  0/7        EV: 11    Int: 11    God:
Gold:   141        SH:  0    Dex: 16    Spells: 5/5 levels left

rFire    . . .     SeeInvis .   n - +2 dagger (venom)
rCold    . . .     Faith    .   (no shield)
rNeg     . . .     Spirit   +   b - +0 robe
rPois    .         Reflect  .   g - +0 helmet
rElec    .         Harm     .   c - +0 cloak
rCorr    .         Rampage  .   (no gloves)
Will     .....                  (no boots)
Stlth    +++.......             (no amulet)
HPRegen  1.10/turn              (no ring)
MPRegen  0.10/turn              (no ring)

@: mighty, lethally poisoned (-2 -> -3), attractive, slowed, very slow
A: fangs 2, regeneration 1, magic shield, antimagic bite, no potion heal 2
a: no special abilities


You were in a sewer.
You visited 1 branch of the dungeon, and saw 3 of its levels.
You also visited: Sewer.

You collected 141 gold pieces.

Inventory:

Hand Weapons
 a - a +2 dagger
 n - a +2 dagger of venom (weapon)
Missiles
 d - 8 poisoned darts (quivered)
 e - 2 curare-tipped darts
Armour
 b - a +0 robe (worn)
 c - a +0 cloak (worn)
 g - a +0 helmet (worn)
 q - a +1 leather armour of willpower
Scrolls
 f - 2 scrolls of summoning {unknown}
 i - 3 scrolls of identify {unknown}
 j - a scroll of teleportation {unknown}
 k - 2 scrolls of noise {unknown}
 r - a scroll of blinking {unknown}
 s - a scroll of fog {unknown}
Potions
 h - 2 potions of attraction
 l - a potion of flight {unknown}
 o - 4 potions of might
 p - a potion of berserk rage {unknown}


   Skills:
 - Level 1.7 Fighting
 + Level 5.9 Short Blades
 - Level 1.7 Throwing
 - Level 0.7 Dodging
 - Level 4.8 Stealth


You had 5 spell levels left.
You didn't know any spells.
Your spell library contained the following spells:

 Spells                   Type           Power      Damage    Failure   Level
 Foxfire                  Conj/Fire      0%         2x1d4     34%         1
 Conjure Flame            Conj/Fire      0%         6-21      71%         3
 Inner Flame              Hex/Fire       0%         N/A       71%         3
 Sticky Flame             Conj/Fire      0%         2d3       98%         4
 Fireball                 Conj/Fire      0%         3d3       100%        5


Dungeon Overview and Level Annotations

Branches:
Dungeon (3/15)              Sewer (1/1)

Altars:
Elyvilon

Shops:
D:1 (   D:2 :


Innate Abilities, Weirdness & Mutations

You have extremely sharp teeth.
Your natural rate of healing is unusually fast.
When hurt, damage is shared between your health and your magic reserves.
Your bite disrupts and absorbs the magic of your enemies.
Potions cannot restore your health.


Message History

Press: ? - help, Q - select action, (/) - cycle Shift-Dir - straight line, f/p - kobold brigand
Aim: a kobold brigand, wielding a +0 dagger and quivering curare-tipped darts (heavily wounded, 51% to hit)
You throw a poisoned dart.
The poisoned dart closely misses the kobold brigand.
The kobold brigand throws a curare-tipped dart.
The curare-tipped dart hits you.
You are poisoned.
You have difficulty breathing.
* * * LOW HITPOINT WARNING * * *
You feel yourself slow down.
It was a potion of attraction.
You feel attractive to monsters.
* * * LOW HITPOINT WARNING * * *
You feel very sick.
The kobold brigand hits you with a +0 dagger.
* * * LOW HITPOINT WARNING * * *
Unknown command.
It was a potion of heal wounds.
That seemed strangely inert.
* * * LOW HITPOINT WARNING * * *
You feel very sick. The kobold brigand closely misses you.
Unknown command.
It was a potion of might.
You feel very mighty all of a sudden.
You feel sick. The kobold brigand barely misses you.
The kobold brigand hits you with a +0 dagger.
Unknown command.
You puncture the kobold brigand!
The kobold brigand is severely wounded.
You feel sick.
The kobold brigand hits you but does no damage.
You hit the kobold brigand. Your bite misses the kobold brigand.
The kobold brigand is almost dead.
You feel sick. The kobold brigand closely misses you.
You barely miss the kobold brigand. You bite the kobold brigand.
You drain its power.
You feel invigorated.
The kobold brigand is almost dead.
You feel sick.
The kobold brigand hits you with a +0 dagger.
You die...

#≈# #≈# ##≈## ##≈##
# ##.≈.## ##≈.≈##
#####.....####..≈.≈#
≈≈≈≈≈≈..≈.≈≈≈≈≈≈..≈#
#####..≈≈.####.....#
# ##...## ##.≈≈##
##≈## ##.## #≈# #@#
#≈# #K# ##≈## #(# #
##.≈.## #(#
#####≈..≈≈# .!.
)≈≈≈≈....≈# !≈(
#####≈..÷.# .(. #
##≈..## ##(## #####


You could see a kobold brigand.

Vanquished Creatures
  2 kobold brigands (Sewer)
  An iguana (D:3)
  6 adders
  A river rat (Sewer)
  A worm (D:2)
  A dart slug (D:1)
  3 orcs (D:3)
  3 ball pythons
  3 bats (D:1)
  4 endoplasms
  5 giant cockroaches
  5 hobgoblins
  6 quokkas
  7 frilled lizards
  4 goblins (D:2)
  11 kobolds
  6 rats
69 creatures vanquished.

Notes
Turn   | Place    | Note
-------+----------+-------------------------------------------
     0 | D:1      | HAL9000 the Vine Stalker Brigand began the quest for the
                  | Orb.
     0 | D:1      | Reached XP level 1. HP: 11/11 MP: 2/2
   182 | D:1      | Reached skill level 2 in Short Blades
   310 | D:1      | Reached XP level 2. HP: 15/15 MP: 3/3
   734 | D:1      | Found Juyhiune's Weapon Shop.
   938 | D:2      | Reached skill level 3 in Short Blades
  1072 | D:2      | Reached XP level 3. HP: 15/18 MP: 4/4
  1136 | D:2      | Found Laze's Book Shoppe.
  1780 | D:3      | Found a white marble altar of Elyvilon.
  1917 | D:3      | Gained mutation: Your natural rate of healing is unusually
                  | fast. [Vine Stalker growth]
  1917 | D:3      | Reached XP level 4. HP: 10/23 MP: 5/5
  2050 | D:3      | Reached skill level 4 in Short Blades
  2223 | D:3      | Found a glowing drain.
  2259 | Sewer    | Entered a sewer
  2272 | Sewer    | Reached XP level 5. HP: 26/26 MP: 4/6
  2562 | Sewer    | Reached skill level 5 in Short Blades
  2624 | Sewer    | Noticed a kobold brigand
  2644 | Sewer    | Killed a kobold brigand
  2645 | Sewer    | Reached XP level 6. HP: 13/30 MP: 2/7
  2765 | Sewer    | HP: 1/30 [poisoned by kobold brigand (curare-tipped dart)]
  2769 | Sewer    | Slain by a kobold brigand

Illustrated notes

Levels and vault maps discovered:
D:1:      saegor_arrival_simple_d, layout_loops_ring, serial_shops,
          nicolae_shop_behind_doors, kennysheep_decorative_pillar,
          minmay_misc_feat_pillars
D:2:      layout_basic, serial_shops, nicolae_diamond_shop, minmay_between
D:3:      layout_loops_corners, elyvilon_altar_4, portal_sewer_entry_f
Sewer:    sewer_co_15_rooms

Skill      XL: |  1  2  3  4  5 |
---------------+----------------+-----
Short Blades   | 2 3 4 5 |  5.9
Fighting       | |  1.7
Throwing       | |  1.7
Dodging        | |  0.7
Stealth        | |  4.8

Action                   |  1- 3 |  4- 6 || total
-------------------------+-------+-------++-------
Melee: Dagger            |    79 |   150 ||   229
       Bite              |    14 |    33 ||    47
Throw: Dart              |       |    13 ||    13
  Use: Potion            |       |     3 ||     3
 Stab: Sleeping          |    16 |     3 ||    19
Armor: Robe              |    14 |    18 ||    32
Dodge: Dodged            |    29 |    54 ||    83

Table legend: (Time is in decaauts)
 A = Elapsed time spent in this place.
 B = Non-inter-level travel time spent in this place.
 C = Inter-level travel time spent in this place.
 D = Time resting spent in this place.
 E = Time spent auto-exploring this place.
 F = Levels seen in this place.
 G = Mean time per level.
                   A        B        C        D        E       F      G
               +--------+--------+--------+--------+--------+-----+--------+
         Total |   2787 |   2739 |     48 |    166 |   2013 |   4 |  696.8 |
       Dungeon |   2237 |   2189 |     48 |     24 |   1782 |   3 |  745.7 |
         Sewer |    550 |    550 |      0 |    142 |    230 |   1 |  550.0 |
               +--------+--------+--------+--------+--------+-----+--------+

Top non-repeatable levels by time:
     D:2: 876 daAuts
     D:1: 857 daAuts
   Sewer: 550 daAuts
     D:3: 504 daAuts
